 Dungeon Crawl Stone Soup version 0.25-a0-975-gcae8493d64 (webtiles) character file.

Game seed: 17611819418971181023, levelgen mode: deterministic

40 Flugslaktarn the Skirmisher (level 3, 0/30 HPs)
             Began as a Barachi Fighter on May 9, 2020.
             Slain by Natasha (1 damage)
             ... on level 2 of the Dungeon.
             The game lasted 00:00:28 (1487 turns).

Flugslaktarn the Skirmisher (Barachi Fighter)       Turns: 1487, Time: 00:00:29

Health: 0/30       AC:  7    Str: 18    XL:     3   Next: 50%
Magic:  3/3        EV:  7    Int:  8    God:
Gold:   86         SH:  9    Dex: 11    Spells: 2/2 levels left

rFire    . . .     SeeInvis .   a - +0 war axe
rCold    . . .     Gourm    .   c - +0 kite shield
rNeg     . . .     Faith    .   b - +0 scale mail
rPois    .         Spirit   .   (no helmet)
rElec    .         Reflect  .   (no cloak)
rCorr    .         Harm     .   (no gloves)
MR       .....                  (no boots)
Stlth    ..........             (no amulet)
HPRegen  0.10/turn              (no ring)
MPRegen  0.08/turn              (no ring)

@: slowed, very slow
A: +LOS, swims, slowness 1, strong legs 1
a: Hop


You were on level 2 of the Dungeon.
You were not hungry.

You visited 1 branch of the dungeon, and saw 2 of its levels.

You collected 86 gold pieces.

Inventory:

Hand Weapons
 a - a +0 war axe (weapon)
Armour
 b - a +0 scale mail (worn)
 c - a +0 kite shield (worn)
 g - a +0 tower shield
   (You found it on level 1 of the Dungeon)
Jewellery
 o - an uncursed ring of fire {unknown}
   (You found it on level 1 of the Dungeon)
 r - an uncursed ring of see invisible {unknown}
   (You found it on level 2 of the Dungeon)
Scrolls
 f - a scroll of teleportation {unknown}
 k - 3 scrolls of remove curse {unknown}
 m - a scroll of identify {unknown}
 n - a scroll of fog {unknown}
 q - a scroll of enchant armour {unknown}
Potions
 d - a potion of might
 h - a potion of stabbing {unknown}
 i - a potion of magic {unknown}
 j - 2 potions of degeneration {unknown}
 l - a potion of resistance {unknown}
Comestibles
 e - 3 rations
 p - 4 chunks of flesh


   Skills:
 + Level 4.0 Fighting
 * Level 3.1 Axes
 + Level 4.0 Armour
 + Level 3.6 Shields


You had 2 spell levels left.
You didn't know any spells.
Your spell library was empty.

Dungeon Overview and Level Annotations

Branches:
Dungeon (2/15)

Altars:
Qazlal
Vehumet

Annotations:
D:2 Natasha


Innate Abilities, Weirdness & Mutations

You can be seen from farther away. (+LOS)
You can swim through water.
You cover ground slowly.
You can hop short distances.


Message History

Natasha claws you but does no damage. x2; Natasha claws you.
* * * LOW HITPOINT WARNING * * *
You hit Natasha.
Natasha is severely wounded.
Natasha casts a spell at you. You resist with significant effort.
Natasha claws you but does no damage.
You closely miss Natasha.
Natasha is severely wounded.
Natasha drinks a potion.
Natasha is healed!
Natasha stares at you and mumbles some strange words.
You feel as though you will be slow longer.
You barely miss Natasha.
Natasha is moderately wounded.
Natasha casts a spell.
Natasha mumbles some strange words.
You hit Natasha.
Natasha is heavily wounded.
Natasha claws you.
* * * LOW HITPOINT WARNING * * *
The crimson imp blinks!
Natasha claws you.
You die...

###.#.#
###.#.#
#.....#
#.#
#.#.###
..#
#.#.#
.##
#)#.#
.#
#.#.#
.####
#.#.#
.....
#@#.#
.####
#h#>#
#5#.#
..>
#5#.#
... #.#
.#. ..#
... ###
##. ##


You could see Natasha, a crimson imp (summoned) and a shadow imp (summoned).

Vanquished Creatures
  2 worms (D:2)
  A dart slug (D:2)
  A leopard gecko (D:1)
  2 bats
  A giant cockroach (D:1)
  3 goblins (D:1)
  4 hobgoblins
  5 jackals
  A quokka (D:2)
  A frilled lizard (D:1)
  3 kobolds
  5 rats (D:1)
29 creatures vanquished.

Notes
Turn   | Place    | Note
-------+----------+-------------------------------------------
     0 | D:1      | Flugslaktarn the Barachi Fighter began the quest for the
                  | Orb.
     0 | D:1      | Reached XP level 1. HP: 18/18 MP: 1/1
   251 | D:1      | Reached XP level 2. HP: 12/25 MP: 2/2
   896 | D:2      | Found a radiant altar of Vehumet.
   957 | D:2      | Reached XP level 3. HP: 18/30 MP: 3/3
   964 | D:2      | HP: 1/30 [worm (8)]
  1422 | D:2      | Found a stormy altar of Qazlal.
  1474 | D:2      | Noticed Natasha
  1487 | D:2      | HP: 1/30 [Natasha (5)]
  1487 | D:2      | Slain by Natasha

Illustrated notes

Levels and vault maps discovered:
D:1:      wander_arrival_abandoned_jail, layout_loops_cross
D:2:      layout_loops_ring, vehumet_crystals, grunt_qazlal_clouds,
          uniq_natasha, uniq_crazy_yiuf_cottage

Skill      XL: |  1  2  3 |
---------------+----------+-----
Fighting       | 4 |  4.0
Axes           | 3 |  3.1
Armour         | 4 |  4.0
Shields        | |  3.6

Action                   || total
-------------------------++-------
Melee: War axe           ||    88
  Eat: Ration            ||     1
Armor: Scale mail        ||    50
Dodge: Dodged            ||    33
Block: Kite shield       ||    52

Table legend:
 A = Non-vault XP
 B = Vault XP
 C = Vault XP percentage of total XP
 D = Non-vault monster count
 E = Vault monster count
 F = Vault count percentage of total count
                 A         B        C        D         E       F
            +---------+---------+-------+---------+---------+-------
      Total |      58 |       0 |   0.0 |      29 |       0 |   0.0
            +---------+---------+-------+---------+---------+-------
        D:1 |      28 |       0 |   0.0 |      17 |       0 |   0.0
        D:2 |      30 |       0 |   0.0 |      12 |       0 |   0.0
            +---------+---------+-------+---------+---------+-------
